 Dungeon Crawl Stone Soup version 0.30.1-11-g7821555f0a (webtiles) character file.

Game seed: 12577169573591322682

4 MrIGI the Cudgeller (level 1, -4/28 HPs)
             Began as an Armataur Berserker on Dec 12, 2023.
             Was a Follower of Trog.
             Slain by a worm (7 damage)
             ... on level 2 of the Dungeon.
             The game lasted 00:00:19 (102 turns).

MrIGI the Cudgeller (Armataur Berserker)             Turns: 102, Time: 00:00:20

Health: -4/28      AC:  4    Str: 22    XL:     1   Next: 58%
Magic:  1/1        EV:  9    Int:  7    God:    Trog [*.....]
Gold:   39         SH:  0    Dex:  9    Spells: 0/0 levels left

rFire   . . .        a - +0 mace
rCold   . . .        (no shield)
rNeg    . . .        b - +0 animal skin
rPois   .            (no helmet)
rElec   .            (no cloak)
rCorr   .            (no gloves)
SInv    .            (no barding)
Will    .....        (no amulet) Stlth
                     (no ring)
HPRegen 0.24/turn    (no ring)
MPRegen 0.07/turn

%: roll
@: berserking, very quick
A: large, rugged brown scales 3, deformed body, armoured tail, roll, long
tongue, awkward tongue
a: Renounce Religion, Berserk


You were on level 2 of the Dungeon.
You worshipped Trog.
Trog was aware of your devotion.
You visited 1 branch of the dungeon, and saw 2 of its levels.

You collected 39 gold pieces.

Inventory:

Hand Weapons
 a - a +0 mace (weapon)
Armour
 b - a +0 animal skin (worn)
Scrolls
 c - a scroll of enchant weapon {unknown}
 d - a scroll of noise {unknown}
Potions
 e - a potion of lignification {unknown}


   Skills:
 + Level 2.7 Fighting
 + Level 2.9 Maces & Flails
 + Level 2.6 Armour
 + Level 1.3 Dodging


You couldn't memorise any spells.
You didn't know any spells.
Your spell library was empty.

Dungeon Overview and Level Annotations

Branches:
Dungeon (1/15)

Altars:


Innate Abilities, Weirdness & Mutations

You are completely covered in rugged brown scales. (AC +3, +7% HP)
Armour fits poorly on your strangely shaped body.
You have a long armoured tail.
You roll when moving toward enemies. (Rampage)
Your long tongue fully drains potion bottles. (2x potion effects)
Your tongue gives you trouble enunciating. (1.5x scroll delay)


Message History

You roll towards the endoplasm! 2 ball pythons come into view.
The ball python hisses angrily. x2
You roll towards the endoplasm!
Found a stone staircase leading up.
A rat and a worm come into view.
Found a stone staircase leading up.
The endoplasm closely misses you.
You hit the ball python.
You kill the ball python!
Trog accepts your kill. The endoplasm hits you.
You hit the worm.
Your tail-slap misses the worm.
The worm is lightly wounded.
The ball python barely misses you.
The endoplasm hits you but does no damage.
The ball python bites you.
You sock the worm!
The worm is heavily wounded.
The endoplasm hits you but does no damage.
The worm closely misses you.
The ball python bites you but does no damage.
The endoplasm hits you.
You hit the worm but do no damage.
The worm is heavily wounded.
The ball python misses you. The worm bites you but does no damage.
The endoplasm closely misses you. The ball python bites you.
You barely miss the worm.
The worm is moderately wounded.
The ball python bites you but does no damage.
The endoplasm hits you but does no damage.
The worm bites you!
Ouch! That really hurt!
* * * LOW HITPOINT WARNING * * *
A red film seems to cover your vision as you go berserk!
You feel yourself moving faster!
You feel mighty! The ball python misses you. The endoplasm barely misses you.
You sock the endoplasm!
You kill the endoplasm!
Trog accepts your kill. The ball python completely misses you.
The worm bites you!
You die...

...## ..... #####..
#.#.# ....#.. #.#.#
.<..... ####.#.# ...<#.#
####......# .......
##....##..##### .......
.....####.....###w......
.....####..[....@r......
................†S......
.#...#####.####.#.###.#.
.......##..# #.#... .#
##...#.#..## ##.###..#
#.......## #..###.##
#...#...# #.##...#
##...#...#####.#..#
#................##


You could see a worm, a ball python and a rat.

Vanquished Creatures
  An endoplasm (D:2)
  A giant cockroach (D:2)
  A goblin (D:2)
  A ball python (D:2)
  2 rats (D:2)
6 creatures vanquished.

Notes
Turn   | Place    | Note
-------+----------+-------------------------------------------
     0 | D:1      | MrIGI the Armataur Berserker began the quest for the Orb.
     0 | D:1      | Reached XP level 1. HP: 19/19 MP: 1/1
    35 | D:1      | You fall into a shaft and drop 1 floor!
   102 | D:2      | Slain by a worm

Illustrated notes

Levels and vault maps discovered:
D:1:      giann_horns, layout_basic, basic_ecumenical_altar, minmay_door_square
D:2:      layout_rooms

Action                     || total
---------------------------++-------
  Melee: Mace              ||    13
         Tailslap          ||     1
 Invoke: Berserk           ||     1
 Armour: Animal skin       ||     6
  Dodge: Dodged            ||    13
